 Dungeon Crawl Stone Soup version 0.23.0-2-g0fe3ce5 (webtiles) character file.

Game seed: 16507702280727966446

168 Kairos the Slasher (level 5, 0/29 HPs)
             Began as a Vine Stalker Monk on Feb 19, 2019.
             Was a Priest of Fedhas.
             Slain by a black bear (3 damage)
             ... on level 4 of the Dungeon.
             The game lasted 00:04:30 (3322 turns).

Kairos the Slasher (Vine Stalker Monk)              Turns: 3322, Time: 00:04:30

Health: 0/29       AC:  8    Str: 15    XL:     5   Next: 48%
Magic:  0/6        EV:  4    Int: 10    God:    Fedhas [***...]
Gold:   127        SH:  7    Dex: 16    Spells: 4/4 levels left

rFire    . . .     SeeInvis +   a - +0 falchion
rCold    . . .     Gourm    .   j - +0 shield
rNeg     . . .     Faith    .   l - +0 chain mail
rPois    .         Spirit   +   (no helmet)
rElec    .         Reflect  .   (no cloak)
rCorr    .         Harm     .   (no gloves)
MR       .....                  (no boots)
Stlth    ..........             r - amulet of magic regeneration
HPRegen  0.49/turn              t - ring of see invisible
MPRegen  0.35/turn              (no ring)

@: heavily drained
A: fangs 2, regeneration 1, magic shield, antimagic bite, no potion heal 3, rot
immunity
a: Fungal Bloom, Sunlight, Evolution, Growth, Renounce Religion


You were on level 4 of the Dungeon.
You worshipped Fedhas.
Fedhas was most pleased with you.
You were not hungry.

You visited 1 branch of the dungeon, and saw 4 of its levels.

You collected 127 gold pieces.

Inventory:

Hand Weapons
 a - a +0 falchion (weapon)
Armour
 b - a +0 robe
 j - a +0 shield (worn)
 l - a +0 chain mail (worn)
Jewellery
 d - an uncursed amulet of harm
 r - an amulet of magic regeneration (around neck)
 t - a ring of see invisible (left hand)
Wands
 k - a wand of enslavement (5)
Scrolls
 f - a scroll of fear {unknown}
 g - a scroll of magic mapping {unknown}
 i - a scroll of amnesia {unknown}
 n - a scroll of teleportation {unknown}
 o - 4 scrolls of remove curse {unknown}
 q - a scroll of noise {unknown}
 s - 2 scrolls of identify {unknown}
 u - a scroll of random uselessness {unknown}
Potions
 e - a potion of heal wounds {unknown}
 h - 2 potions of ambrosia {unknown}
 m - a potion of degeneration {unknown}
 p - 2 potions of curing {unknown}
Comestibles
 c - 6 rations


   Skills:
 + Level 3.7(2.6) Fighting
 + Level 4.0(2.8) Long Blades
 + Level 0.3(0.0) Armour
 + Level 2.9(1.8) Dodging
 + Level 2.8(1.6) Stealth
 + Level 0.7(0.0) Shields


You had 4 spell levels left.
You didn't know any spells.
Your spell library was empty.

Dungeon Overview and Level Annotations

Branches:
Dungeon (4/15)
 Temple: D:4-7

Altars:
Fedhas


Innate Abilities, Weirdness & Mutations

You have extremely sharp teeth.
Your natural rate of healing is unusually fast.
When hurt, damage is shared between your health and your magic reserves.
Your bite disrupts and absorbs the magic of your enemies.
Potions cannot restore your health.
You are immune to rotting.


Message History

Unknown command.
You hit the black bear but do no damage.
The black bear is almost dead.
The black bear bites you.
The black bear claws you but does no damage.
The black bear claws you. The black bear bites you.
* * * LOW HITPOINT WARNING * * *
You block the black bear's attack. x2
You hit the black bear.
The black bear is almost dead.
The black bear bites you.
* * * LOW HITPOINT WARNING * * *
The black bear claws you but does no damage.
The black bear claws you.
* * * LOW HITPOINT WARNING * * *
The black bear bites you but does no damage.
The black bear claws you but does no damage.
The black bear claws you.
You die...
Fedhas appreciates your contribution to the ecosystem.

#..........#..#
#..........#..#
#.....######..#
#..........#..#
#.#...####.#..#
#.###.####.####
#.##.......#.####
#.##..######....#
#.##.<@h.....#.##
#............#.#
..#####.#.....##.##
####.....................#
#........#####.###..######
#.........# #.#.....#
#.........# #.#(#.###
#...... ..# #.#.#.# #....#
#.# #.#.#.#


You could see a black bear (berserk).

Vanquished Creatures
  A worker ant (D:4)
  A howler monkey skeleton (D:4)
  2 adders
  2 gnolls (D:4)
  An adder skeleton (D:4)
  4 worms (D:2)
  4 dart slugs
  A leopard gecko (D:3)
  4 orcs
  4 bats
  2 giant cockroaches (D:1)
  5 goblins
  9 hobgoblins
  2 jackals (D:1)
  5 quokkas
  6 frilled lizards
  6 kobolds
  8 rats
67 creatures vanquished.

Vanquished Creatures (others)
  10 toadstools
10 creatures vanquished.

Grand Total: 77 creatures vanquished

Notes
Turn   | Place    | Note
-------+----------+-------------------------------------------
     0 | D:1      | Kairos the Vine Stalker Monk began the quest for the Orb.
     0 | D:1      | Reached XP level 1. HP: 11/11 MP: 2/2
   492 | D:1      | Reached XP level 2. HP: 16/16 MP: 3/3
   611 | D:1      | Reached skill level 3 in Long Blades
  1117 | D:1      | Reached XP level 3. HP: 20/20 MP: 4/4
  1693 | D:2      | Gained mutation: Your natural rate of healing is unusually
                  | fast. [Vine Stalker growth]
  1693 | D:2      | Reached XP level 4. HP: 24/24 MP: 5/5
  1851 | D:2      | Found a faded altar of an unknown god.
  2093 | D:2      | Became a worshipper of Fedhas Madash
  2093 | D:2      | Reached * piety under Fedhas
  2093 | D:2      | Reached ** piety under Fedhas
  2135 | D:3      | Reached *** piety under Fedhas
  2901 | D:4      | Reached XP level 5. HP: 13/28 MP: 6/6
  2909 | D:4      | Reached skill level 4 in Long Blades
  3061 | D:4      | Noticed a black bear
  3322 | D:4      | Slain by a black bear

Skill      XL: |  1  2  3  4  5 |
---------------+----------------+-----
Fighting       | 3 |  3.7
Long Blades    | 3 4 |  4.0
Armour         | |  0.3
Dodging        | |  2.9
Stealth        | |  2.8
Shields        | |  0.7

Action                   |  1- 3 |  4- 6 || total
-------------------------+-------+-------++-------
Melee: Falchion          |   105 |   128 ||   233
       Bite              |    33 |    38 ||    71
Invok: Fungal Bloom      |       |     3 ||     3
 Stab: Sleeping          |     1 |       ||     1
  Eat: Chunk             |     2 |     6 ||     8
Armor: Robe              |    15 |       ||    15
       Chain mail        |    20 |    91 ||   111
Dodge: Dodged            |    52 |    16 ||    68
Block: Shield            |    13 |    59 ||    72
       Rpst.: Falchion   |    13 |     3 ||    16
